 Dungeon Crawl Stone Soup version 0.28-a0-1510-gd0f6b136d3 (webtiles) character file.

Game seed: 15728281984554019102

136 testman the Skirmisher (level 4, -5/38 HPs)
             Began as a Demonspawn Monk on Jan 14, 2022.
             Splashed by a jelly's acid (9 damage)
             ... on level 1 of the Dungeon.
             The game lasted 00:16:27 (3680 turns).

testman the Skirmisher (Demonspawn Monk)            Turns: 3680, Time: 00:16:30

Health: -5/38      AC: -1    Str: 12    XL:     4   Next: 98%
Magic:  4/4        EV: 12    Int: 13    God:
Gold:   55         SH:  0    Dex: 15    Spells: 4/4 levels left

rFire   . . .      SeeInvis .   a - +0 spear
rCold   . . .      Faith    .   (no shield)
rNeg    . . .      Spirit   .   b - +0 robe
rPois   .          Reflect  .   d - +0 helmet
rElec   .          Harm     .   (no cloak)
rCorr   .          Rampage  .   (no gloves)
Will    .....                   (no boots)
Stlth   ++........              (no amulet)
HPRegen 0.12/turn               (no ring)
MPRegen 0.18/turn               (no ring)

@: corroded
A: claws 1, magic regeneration
a: no special abilities


You were on level 1 of the Dungeon.
You visited 1 branch of the dungeon, and saw 2 of its levels.

You collected 55 gold pieces.

Inventory:

Hand Weapons
 a - a +0 spear (weapon)
 j - a +0 hunting sling
Missiles
 h - 124 stones (quivered)
Armour
 b - a +0 robe (worn)
 d - a +0 helmet (worn)
Scrolls
 e - 2 scrolls of teleportation {unknown}
 f - a scroll of identify
Potions
 c - 2 potions of mutation
 i - a potion of might


   Skills:
 + Level 4.7 Fighting
 - Level 3.0 Polearms
 - Level 2.6 Dodging
 - Level 1.7 Stealth
 + Level 2.1 Unarmed Combat
 - Level 0.6 Spellcasting


You had 4 spell levels left.
You didn't know any spells.
Your spell library was empty.

Dungeon Overview and Level Annotations

Branches:
Dungeon (2/15)

Altars:


Innate Abilities, Weirdness & Mutations

You have sharp fingernails.
You regenerate magic rapidly.


Message History

A nearby fungus withers and dies.
The jelly barely misses you.
You hit the jelly but do no damage.
Your claws burn!
The jelly is lightly wounded.
The jelly hits you. The acid corrodes you!
You are splashed with acid!
The endoplasm hits the fungus.
The fungus begins to die.
You completely miss the jelly.
The jelly is lightly wounded.
The jelly misses you.
The endoplasm hits the fungus.
You hit the jelly but do no damage. The acid corrodes you!
Your claws burn!
The jelly is lightly wounded.
The jelly hits you. The acid corrodes you!
You are splashed with acid!
* * * LOW HITPOINT WARNING * * *
The endoplasm hits the fungus.
Something hits the fungus.
Things that are here:
a +0 dagger; a kobold corpse
Okay, then.
There is an open door here.
The jelly jiggles.
There is an open gate here.
The jelly jiggles.
The jelly closely misses you.
Things that are here:
a +0 short sword; a +0 dagger; a kobold corpse You see here a +0 club.
There is a stone staircase leading up, spattered with blood here.
The jelly completely misses you.
You climb upwards.
You are no longer corroded.
There is a stone staircase leading down here.
You hit the jelly.
Your claws burn!
* * * LOW HITPOINT WARNING * * *
The jelly is lightly wounded.
The jelly closely misses you.
You hit the jelly.
Your claws burn!
* * * LOW HITPOINT WARNING * * *
The jelly is moderately wounded.
The jelly hits you.
* * * LOW HITPOINT WARNING * * *
The acid corrodes you!
You are splashed with acid!
You die...

##### ##...## ##.....##
#.......########### #
#....[............###
#...@...#............
##.J...##..######.###
##...###..# #.# # ##.##
#..######.###
##).)###......##....
######.###.##.####.......
#......# #....# ########
#####.####รท###..### ###
#...............#######
#..


You could see a jelly.

Vanquished Creatures
  Robin (D:1)
  2 adders (D:2)
  A worm (D:2)
  A dart slug (D:1)
  8 ball pythons
  8 endoplasms
  2 giant cockroaches
  13 goblins
  11 hobgoblins
  4 jackals (D:1)
  4 quokkas
  6 bats
  4 frilled lizards
  20 kobolds
  3 rats
88 creatures vanquished.

Vanquished Creatures (others)
  3 fungi (D:2)
  12 plants (D:2)
  11 toadstools (D:2)
26 creatures vanquished.

Grand Total: 114 creatures vanquished

Notes
Turn   | Place    | Note
-------+----------+-------------------------------------------
     0 | D:1      | testman the Demonspawn Monk began the quest for the Orb.
     0 | D:1      | Reached XP level 1. HP: 18/18 MP: 1/1
   398 | D:1      | Gained mutation: You regenerate magic rapidly. [demonic
                  | ancestry]
   398 | D:1      | Reached XP level 2. HP: 21/24 MP: 2/2
  1037 | D:1      | Gained mutation: You have sharp fingernails. [demonic
                  | ancestry]
  1037 | D:1      | Reached XP level 3. HP: 25/30 MP: 3/3
  1171 | D:1      | You fall into a shaft and drop 1 floor!
  1600 | D:1      | Reached skill level 4 in Fighting
  1993 | D:2      | Reached skill level 1 in Unarmed Combat
  2084 | D:2      | Reached XP level 4. HP: 16/37 MP: 4/4
  2327 | D:2      | Noticed Robin
  2577 | D:1      | Killed Robin
  3680 | D:1      | Splashed by a jelly's acid

Illustrated notes

Levels and vault maps discovered:
D:1:      nzn_arrival_water_spiral, layout_loops_ring, minmay_misc_feat_chi
D:2:      cheibrodos_fertilizer, layout_basic, serial_bayou_pond_e,
          corexii_item_surrounded_by_moat, lexackson_kobold_supper, uniq_robin

Skill      XL: |  1  2  3  4 |
---------------+-------------+-----
Polearms       | 3 |  3.0
Fighting       | 4 |  4.7
Unarmed Combat | 1 2 |  2.1
Dodging        | |  2.6
Stealth        | |  1.7
Spellcasting   | |  0.6

Action                   |  1- 3 |  4- 6 || total
-------------------------+-------+-------++-------
Melee: Spear             |   194 |   119 ||   313
       Punch             |     4 |       ||     4
 Fire: Hunting sling     |       |    28 ||    28
  Use: Scroll            |     4 |     1 ||     5
       Potion            |     1 |     1 ||     2
 Stab: Sleeping          |     4 |       ||     4
       Distracted        |       |     1 ||     1
Armor: Robe              |    37 |    17 ||    54
Dodge: Dodged            |   100 |    54 ||   154

Table legend: (Time is in decaauts)
 A = Elapsed time spent in this place.
 B = Non-inter-level travel time spent in this place.
 C = Inter-level travel time spent in this place.
 D = Time resting spent in this place.
 E = Time spent auto-exploring this place.
 F = Levels seen in this place.
 G = Mean time per level.
                   A        B        C        D        E       F      G
               +--------+--------+--------+--------+--------+-----+--------+
         Total |   3669 |   3666 |      3 |   1736 |   1221 |   2 | 1834.5 |
       Dungeon |   3669 |   3666 |      3 |   1736 |   1221 |   2 | 1834.5 |
               +--------+--------+--------+--------+--------+-----+--------+

Top non-repeatable levels by time:
     D:1: 1875 daAuts
     D:2: 1794 daAuts
